 Dungeon Crawl Stone Soup version 0.28-a0-245-g639a1a48b9 (webtiles) character file.

Game seed: 5288104203771643042

93 Spaninq the Insei (level 4, -2/33 HPs)
             Began as a Demonspawn Transmuter on Aug 24, 2021.
             Killed from afar by Natasha (7 damage)
             ... with a magic dart
             ... on level 2 of the Dungeon.
             The game lasted 00:04:14 (2151 turns).

Spaninq the Insei (Demonspawn Transmuter)           Turns: 2151, Time: 00:04:15

Health: -2/33      AC:  2    Str: 11    XL:     4   Next: 36%
Magic:  6/7        EV: 11    Int: 17    God:
Gold:   37         SH:  7    Dex: 13    Spells: 4/7 levels left

rFire   . . .      SeeInvis .     - Unarmed
rCold   . . .      Faith    .   j - +0 buckler
rNeg    . . .      Spirit   .   a - +0 robe
rPois   .          Reflect  .   (helmet currently unavailable)
rElec   .          Harm     .   (no cloak)
rCorr   .          Rampage  .   (no gloves)
Will    .....                   (boots currently unavailable)
Stlth   +.........              (no amulet)
HPRegen 0.11/turn               (no ring)
MPRegen 0.10/turn               (no ring)

@: appendages (expiring)
A: horns 2, talons 2, big brain 1, condensation shield
a: End Transformation


You were on level 2 of the Dungeon.
You had temporarily grown beastly horns and talons.
You visited 1 branch of the dungeon, and saw 2 of its levels.

You collected 91 gold pieces.
You spent 54 gold pieces at shops.

Inventory:

Hand Weapons
 i - a +0 long sword
Armour
 a - a +0 robe (worn)
 j - a +0 buckler (worn)
Scrolls
 b - a scroll of teleportation {unknown}
 d - a scroll of blinking {unknown}
 e - 4 scrolls of vulnerability {unknown}
 g - a scroll of fog {unknown}
 h - a scroll of magic mapping {unknown}
Potions
 c - a potion of might {unknown}
 f - a potion of degeneration {unknown}


   Skills:
 + Level 2.2 Fighting
 - Level 2.3 Dodging
 + Level 0.7 Shields
 * Level 3.8 Unarmed Combat
 - Level 2.0 Spellcasting
 - Level 1.7 Transmutations


You had 4 spell levels left.
You knew the following spells:

 Your Spells              Type           Power      Damage    Failure   Level
a - Beastly Appendage     Tmut           14%        N/A       14%         1
b - Wereblood             Tmut           7%         N/A       22%         2

Your spell library contained the following spells:

 Spells                   Type           Power      Damage    Failure   Level
 Slow                     Hex            1%         N/A       41%         2
 Spider Form              Tmut/Pois      2%         N/A       52%         3
 Confusing Touch          Hex            1%         N/A       65%         3
 Ice Form                 Ice/Tmut       4%         N/A       90%         4
 Yara's Violent Unravell  Hex/Tmut       2%         3d3       99%         5


Dungeon Overview and Level Annotations

Branches:
Dungeon (2/15)

Altars:
Ru

Shops:
D:2 [

Annotations:
D:2 Natasha


Innate Abilities, Weirdness & Mutations

You have temporarily grown beastly horns and talons.
You have an unusually large brain. (Int +2)
A meltable shield of frost defends you. (SH +4)


Message History

Your transformation is almost over.
Your horns disappear.
Your talons disappear.
You see here the felid corpse of Natasha.
There is a stone staircase leading down here.
Found a stone staircase leading up.
Done exploring.
Done exploring.
Level map cleared.
You see here the felid corpse of Natasha.
There is an escape hatch in the ceiling here.
Natasha, Servant of Life and Death comes into view.
Natasha hisses angrily.
Natasha stares at you and mumbles some strange words.
The magic dart hits you!
Casting: Beastly Appendage (safe; 14% risk of failure)
Confirm with . or Enter, or press ? or * to list all spells.
You grow a pair of large bovine horns.
Your feet morph into talons.
You block Natasha's attack.
You closely miss Natasha. Your headbutt misses Natasha.
Natasha casts a spell.
You hit Natasha but do no damage. You claw Natasha, but do no damage.
Natasha closely misses you. The crimson imp barely misses you.
You hit Natasha. You claw Natasha.
Natasha is heavily wounded.
Natasha casts a spell at you. The magic dart hits you!
The crimson imp hits you.
You hit Natasha.
Natasha is severely wounded.
Natasha claws you!
* * * LOW HITPOINT WARNING * * *
The crimson imp closely misses you.
You barely miss Natasha. Your kick misses Natasha.
Natasha is severely wounded.
Your transformation is almost over.
Natasha closely misses you. You block the crimson imp's attack.
You miss Natasha.
Natasha is severely wounded.
Natasha casts a spell at you. The magic dart hits you!
You die...

*,,* ********* **÷#* *,,(,,,,,
*..* *,******* ** *#.* *,*****,,
,* #.##*#### *,,,,**,*
,***********##..##...##*****,**,*
,,,,,,,,†,,,,.........^,,,,,,,,,*
***********####.#h.#,,,,,,,,,,*,,
* #....@..#**,,,,,,,**,*
#.##.#5## *,,,,,,,,,,* #<##.#.#
*,,,,,,,**** #.##.#.# *,,,,,,,*
#.##...# *,,,,,,,* #.###..#
*,,,,,,,* ## ####.# *..#
**'********* <# ##..#.# *#.# *,*
*,,,,,, .# ###.....# *.# *,*
*,*****


You could see Natasha and a crimson imp (summoned).

Vanquished Creatures
  Natasha (twice) (D:2)
  3 adders (D:2)
  A dart slug (D:1)
  An endoplasm (D:1)
  2 giant cockroaches (D:2)
  3 goblins
  A hobgoblin (D:1)
  2 kobolds (D:1)
  A frilled lizard (D:2)
  3 rats
19 creatures vanquished.

Notes
Turn   | Place    | Note
-------+----------+-------------------------------------------
     0 | D:1      | Spaninq the Demonspawn Transmuter began the quest for the
                  | Orb.
     0 | D:1      | Reached XP level 1. HP: 15/15 MP: 3/3
   256 | D:1      | Found a faded altar of an unknown god.
   263 | D:1      | Became a worshipper of Ru the Awakened
   264 | D:1      | Fell from the grace of Ru
   313 | D:1      | Reached skill level 3 in Unarmed Combat
   313 | D:1      | Gained mutation: You have an unusually large brain. (Int
                  | +2) [demonic ancestry]
   313 | D:1      | Reached XP level 2. HP: 21/21 MP: 3/5
   646 | D:1      | Learned a level 2 spell: Wereblood
  1228 | D:2      | Gained mutation: A meltable shield of frost defends you.
                  | (SH +4) [demonic ancestry]
  1228 | D:2      | Reached XP level 3. HP: 13/26 MP: 4/6
  1567 | D:2      | Noticed Natasha
  1651 | D:2      | Found Ycanacs Addu's Armour Emporium.
  1657 | D:2      | Bought a +0 buckler for 54 gold pieces
  1783 | D:2      | Killed Natasha
  1784 | D:2      | Reached XP level 4. HP: 22/33 MP: 4/7
  1998 | D:2      | Noticed Natasha
  2003 | D:2      | Killed Natasha
  2139 | D:2      | Noticed Natasha
  2151 | D:2      | Killed from afar by Natasha

Illustrated notes

Levels and vault maps discovered:
D:1:      grunt_arrival_crossed_arrows, layout_loops_corners,
          hellmonk_ecumenical_altar_crossroads
D:2:      layout_basic, serial_shops, shop_fountains, st_stairs_2,
          minmay_misc_feat_five, uniq_natasha

Skill      XL: |  1  2  3 |
---------------+----------+-----
Dodging        | 2 |  2.3
Unarmed Combat | 3 |  3.8
Fighting       | 2 |  2.2
Shields        | |  0.7
Spellcasting   | |  2.0
Transmutations | |  1.7

Action                   |  1- 3 |  4- 6 || total
-------------------------+-------+-------++-------
Melee: Unarmed           |    54 |    10 ||    64
       Kick              |    11 |     3 ||    14
       Headbutt          |     8 |     2 ||    10
       Punch             |     1 |       ||     1
 Cast: Beastly Appendage |    14 |     3 ||    17
Invok: Renounce Religion |     1 |       ||     1
 Stab: Sleeping          |     1 |       ||     1
Armor: Robe              |     3 |     1 ||     4
Dodge: Dodged            |    31 |     4 ||    35
Block: Buckler           |     2 |     3 ||     5
       Other             |     1 |       ||     1

Table legend: (Time is in decaauts)
 A = Elapsed time spent in this place.
 B = Non-inter-level travel time spent in this place.
 C = Inter-level travel time spent in this place.
 D = Time resting spent in this place.
 E = Time spent auto-exploring this place.
 F = Levels seen in this place.
 G = Mean time per level.
                   A        B        C        D        E       F      G
               +--------+--------+--------+--------+--------+-----+--------+
         Total |   2148 |   2117 |     31 |    373 |   1398 |   2 | 1074.0 |
       Dungeon |   2148 |   2117 |     31 |    373 |   1398 |   2 | 1074.0 |
               +--------+--------+--------+--------+--------+-----+--------+

Top non-repeatable levels by time:
     D:2: 1192 daAuts
     D:1: 956 daAuts
